 Dungeon Crawl Stone Soup version 0.22-a0-782-g038298e (webtiles) character file.

12292 Mgcat the Severer (level 11, -7/86 HPs)
             Began as a Yellow Draconian Berserker on July 20, 2018.
             Was a High Priest of Trog.
             Mangled by a nine-headed hydra (15 damage)
             ... on level 11 of the Dungeon.
             The game lasted 00:23:45 (8714 turns).

Mgcat the Severer (Yellow Draconian Berserker)      Turns: 8714, Time: 00:23:46

Health: -7/86      AC: 11    Str: 22    XL:     11   Next: 60%
Magic:  11/11      EV: 14    Int:  8    God:    Trog [*****.]
Gold:   707        SH:  6    Dex: 11    Spells: 10/10 levels left

rFire    . . .     SeeInvis .   w - +0 war axe
rCold    . . .     Gourm    .   F - +2 buckler
rNeg     . . .     Faith    .   (armour unavailable)
rPois    .         Spirit   .   (helmet restricted)
rElec    .         Reflect  .   (no cloak)
rCorr    +         Harm     .   a - +1 pair of gloves
MR       +....                  l - +1 pair of boots
Stlth    +.........             n - amulet of regeneration {+regen, !d}
HPRegen  0.64/turn              B - ring of protection from magic {MR+, !d}
MPRegen  0.12/turn              z - +4 ring of slaying

@: short of breath
A: spit acid, acid resistance, unfitting armour, cold-blooded, AC +7
a: Breathe Acid, Berserk, Trog's Hand, Brothers in Arms, Renounce Religion


You were on level 11 of the Dungeon.
You worshipped Trog.
Trog was extremely pleased with you.
You were not hungry.

You visited 2 branches of the dungeon, and saw 12 of its levels.

You collected 707 gold pieces.

Inventory:

Hand Weapons
 g - a +0 trident
   (You found it on level 7 of the Dungeon)
 m - a +0 trident
   (You took it off an orc on level 10 of the Dungeon)
 w - a +0 war axe (weapon)
   (You took it off an orc on level 4 of the Dungeon)
 x - a +0 battleaxe
   (You took it off an orc warrior on level 6 of the Dungeon)
 D - a +0 trident
   (You found it on level 7 of the Dungeon)
Missiles
 J - 4 curare-tipped needles
Armour
 a - a +1 pair of gloves (worn)
   (You found it on level 10 of the Dungeon)
 l - a +1 pair of boots (worn)
   (You found it on level 7 of the Dungeon)
 F - a +2 buckler (worn)
   (You found it on level 8 of the Dungeon)
Jewellery
 n - an amulet of regeneration (around neck) {+regen, !d}
   (You found it on level 3 of the Dungeon)
 z - a +4 ring of slaying (right hand)
   (You found it on level 6 of the Dungeon)
 B - a ring of protection from magic (left hand) {MR+, !d}
   (You found it on level 7 of the Dungeon)
 C - an uncursed ring of protection from cold {rC+, !d}
   (You found it on level 7 of the Dungeon)
Wands
 u - a wand of acid (14)
   (You found it on level 4 of the Dungeon)
 H - a wand of iceblast (7)
   (You found it on level 9 of the Dungeon)
Scrolls
 q - a scroll of teleportation
 r - 2 scrolls of blinking {!r}
 t - 3 scrolls of enchant weapon
 I - a scroll of magic mapping {!r}
 K - a scroll of torment {!r}
Potions
 c - 3 potions of brilliance
 d - 2 potions of magic {unknown}
 e - a potion of heal wounds {unknown}
 h - 4 potions of haste
 i - 6 potions of curing
 j - 2 potions of might
 k - 4 potions of flight
 o - 2 potions of mutation {unknown}
 p - a potion of degeneration {!q}
 s - a potion of lignification {!q}
 v - a potion of agility {unknown}
 A - a potion of ambrosia
 E - a potion of invisibility {unknown}
 G - a potion of cancellation {unknown}
Miscellaneous
 y - a box of beasts
Comestibles
 b - 24 rations
 f - 6 chunks of flesh {@w0}


   Skills:
 - Level 5.0 Fighting
 + Level 16.3 Axes
 - Level 5.0 Dodging
 - Level 4.0 Shields


You had 10 spell levels left.
You didn't know any spells.
Your spell library was empty.

Dungeon Overview and Level Annotations

Branches:
Dungeon (11/15)            Temple (1/1) D:6            Lair (0/6) D:10
    Orc (0/2) D:9

Altars:
Dithmenos
Elyvilon
Fedhas
Gozag
Hepliaklqana
Makhleb
Okawaru
Ru
Trog
Uskayaw
Vehumet
Xom
Yredelemnul
Zin
The Shining One

Shops:
D:4 =   D:9 *

Annotations:
D:3 2 transporters, feelmyfire's ghost, weakling DsAK
D:9 1 runed door, ThereIsNoGod's ghost, novice GnTm


Innate Abilities, Weirdness & Mutations

You can spit globs of acid.
You are resistant to acid.
Your golden yellow scales are hard. (AC +7)
You cannot fit into any form of body armour.
You are cold-blooded and may be slowed by cold attacks.


Message History

Reactivating autopickup.
You feel a bit more experienced.
You swing at nothing.
Things that are here:
a dagger; a robe
Things that are here:
a dagger; a robe; an orc corpse You butcher the orc corpse.
f - 4 chunks of flesh {@w0}
Things that are here:
a dagger; a robe; an orc skeleton
Things that are here:
a dagger; a robe; an orc skeleton Eating one of 4 chunks of flesh {@w0}.
You eat one of the 4 chunks of flesh {@w0}.
This raw flesh tastes terrible.
You feel the effects of Trog's Hand fading.
You butcher the orc corpse.
f - 5 chunks of flesh {@w0} (gained 2)
You butcher the orc corpse.
f - 6 chunks of flesh {@w0} (gained 1)
Items here: )) [[ a glaive of distortion {!w}; a plate armour; a hand axe; a scale mail
Items here: )) [[ a glaive of distortion {!w}; a plate armour; a hand axe; a scale mail Your two-headed ogre rages. x2
Your skin stops crawling.
You feel less resistant to hostile enchantments.
Your two-headed ogre rages.
You hear an angry hiss.
An adder comes into view.
An adder is nearby!
A six-headed hydra comes into view.
The six-headed hydra roars!
Your two-headed ogre is no longer berserk.
The six-headed hydra barely misses you.
You block the six-headed hydra's attack.
The six-headed hydra bites you.
You block the six-headed hydra's attack.
The six-headed hydra bites you but does no damage. x2
You slice one of the six-headed hydra's heads off!
The five-headed hydra grows two more!
You slash the seven-headed hydra! You tail-slap the seven-headed hydra.
The seven-headed hydra is moderately wounded.
You slash the adder!
You kill the adder!
Trog accepts your kill.
Your two-headed ogre hits the seven-headed hydra with a giant club!
Your two-headed ogre hits the seven-headed hydra but does no damage.
What are your orders? t - Shout!
Orders for allies: a - Attack new target. r - Retreat! s - Stop attacking. g - Guard the area. f - Follow me.
Anything else - Cancel.
Gang up on whom?
Press: ? - help, Dir - move target cursor, f - seven-headed hydra
Aim: a seven-headed hydra (heavily wounded)
Okay, then.
Press: ? - help, Shift-Dir - straight line You spit a glob of acid.
The glob of acid hits the seven-headed hydra.
The seven-headed hydra is splashed with acid.
The acid corrodes the seven-headed hydra!
The seven-headed hydra is severely wounded.
The seven-headed hydra is splashed with acid.
The acid corrodes the seven-headed hydra!
The acid splashes onto the seven-headed hydra!
The seven-headed hydra is splashed with acid.
You feel somewhat more hungry. The seven-headed hydra misses you.
The seven-headed hydra bites you! x2; The seven-headed hydra misses you.
The seven-headed hydra bites you but does no damage.
The seven-headed hydra bites you.
You block the seven-headed hydra's attack.
You lop one of the seven-headed hydra's heads off!
The six-headed hydra grows two more!
You hit the eight-headed hydra. You tail-slap the eight-headed hydra!
The eight-headed hydra is almost dead.
Your two-headed ogre disappears in a puff of smoke!
The eight-headed hydra barely misses you.
The eight-headed hydra bites you! The eight-headed hydra bites you.
The eight-headed hydra bites you!
The eight-headed hydra bites you but does no damage.
The eight-headed hydra bites you.
The eight-headed hydra closely misses you.
The eight-headed hydra bites you.
* * * LOW HITPOINT WARNING * * *
You hack one of the eight-headed hydra's heads off!
The seven-headed hydra grows two more!
You hit the nine-headed hydra.
The nine-headed hydra is almost dead.
The nine-headed hydra bites you but does no damage.
The nine-headed hydra misses you. The nine-headed hydra bites you.
* * * LOW HITPOINT WARNING * * *
The nine-headed hydra barely misses you.
The nine-headed hydra bites you!
* * * LOW HITPOINT WARNING * * *
The nine-headed hydra misses you.
The nine-headed hydra completely misses you.
The nine-headed hydra bites you!
You die...

... ..........>..........
... .[.....>...).........
############))...#######..
.......^.........#
.................#
.................#
)................#
)................#
).....#######...@####..#.
.)..........#....D.......
............#...ยง........
............#............
............#............
............#............
............#............
............#............
............#............


You could see a nine-headed hydra.

Vanquished Creatures
  5 two-headed ogres
  An unseen horror (D:10)
  3 gargoyles (D:10)
  3 hippogriffs
  14 yaks
  3 hogs (D:7)
  A wraith (D:10)
  A wyvern (D:10)
  A human (D:7)
  A swamp drake (D:10)
  A hornet zombie (D:7)
  4 orc warriors
  A sky beast (D:9)
  An eye of draining (D:10)
  10 ogres
  4 centaurs
  5 crocodiles
  2 big kobolds
  4 bullfrogs
  Blork the orc (D:5)
  A wyvern skeleton (D:11)
  4 scorpions
  6 crimson imps
  3 hounds
  A quasit (D:9)
  A centaur zombie (D:6)
  6 orc priests
  3 jellies
  6 orc wizards
  2 bullfrog skeletons
  A centaur skeleton (D:5)
  2 iguanas
  3 worker ants
  2 hound zombies
  3 hound skeletons
  A howler monkey zombie (D:9)
  3 gnolls (D:3)
  A howler monkey skeleton (D:10)
  7 adders
  2 shadow imps
  An adder skeleton (D:7)
  3 worms
  A dart slug (D:2)
  4 leopard geckos
  37 orcs
  9 bats
  7 giant cockroaches
  6 goblins
  11 hobgoblins
  3 jackals (D:10)
  2 quokkas
  6 frilled lizards
  17 kobolds
  A quokka skeleton (D:4)
  17 rats
249 creatures vanquished.

Vanquished Creatures (collateral kills)
  An orc warrior (D:11)
  An orc wizard (D:11)
2 creatures vanquished.

Vanquished Creatures (others)
  An orc (D:10)
1 creature vanquished.

Grand Total: 252 creatures vanquished

Notes
Turn   | Place    | Note
-------+----------+-------------------------------------------
     0 | D:1      | Mgcat the Draconian Berserker began the quest for the Orb.
     0 | D:1      | Reached XP level 1. HP: 19/19 MP: 1/1
   193 | D:1      | Reached XP level 2. HP: 24/26 MP: 2/2
   394 | D:1      | Reached skill level 3 in Dodging
   479 | D:1      | Reached ** piety under Trog
   733 | D:1      | Reached XP level 3. HP: 33/33 MP: 3/3
   902 | D:2      | Found a basalt altar of Yredelemnul.
  1086 | D:2      | Reached skill level 4 in Fighting
  1186 | D:2      | Reached XP level 4. HP: 40/40 MP: 4/4
  1238 | D:2      | Found a glowing silver altar of Zin.
  1449 | D:3      | Noticed feelmyfire's ghost (weakling DsAK)
  1450 | D:3      | Noticed an ogre
  1451 | D:3      | Noticed an ogre
  1453 | D:3      | Found a transporter.
  1453 | D:3      | Found a transporter.
  1645 | D:3      | Reached *** piety under Trog
  1650 | D:3      | Reached skill level 4 in Axes
  2255 | D:4      | Found Seraphal's Jewellery Shoppe.
  2321 | D:4      | Reached XP level 5. HP: 47/47 MP: 5/5
  2363 | D:4      | Reached skill level 4 in Dodging
  2407 | D:4      | Found a white marble altar of Elyvilon.
  2446 | D:4      | Reached skill level 5 in Fighting
  2446 | D:4      | Reached XP level 6. HP: 48/56 MP: 6/6
  2503 | D:4      | Found a hazy altar of Hepliaklqana.
  2503 | D:4      | Found a bloodstained altar of Trog.
  2509 | D:4      | Found a faded altar of an unknown god.
  2511 | D:4      | Found a glowing golden altar of the Shining One.
  2513 | D:4      | Found a faded altar of an unknown god.
  2569 | D:4      | Reached skill level 5 in Axes
  2910 | D:4      | Reached skill level 5 in Dodging
  2910 | D:4      | Your scales start taking on a golden yellow colour.
  2910 | D:4      | Reached XP level 7. HP: 61/61 MP: 7/7
  3141 | D:5      | Entered Level 5 of the Dungeon
  3260 | D:5      | Noticed Blork the orc
  3268 | D:5      | Killed Blork the orc
  3268 | D:5      | Reached skill level 6 in Axes
  3479 | D:4      | Reached skill level 7 in Axes
  3530 | D:5      | Found a blossoming altar of Fedhas.
  3704 | D:6      | Noticed a yak
  3705 | D:6      | Found a staircase to the Ecumenical Temple.
  3705 | D:6      | Noticed a yak
  3706 | D:6      | Noticed a yak
  3707 | D:6      | Noticed a yak
  3707 | D:6      | Noticed a yak
  3714 | D:6      | Killed a yak
  3714 | D:6      | Reached skill level 8 in Axes
  3714 | D:6      | Reached XP level 8. HP: 65/68 MP: 8/8
  3718 | D:6      | HP: 20/102 [yak (12)]
  3721 | D:6      | Reached skill level 9 in Axes
  3723 | D:6      | Reached skill level 10 in Axes
  3729 | Temple   | Entered the Ecumenical Temple
  3812 | D:6      | Found a sacrificial altar of Ru.
  3920 | D:6      | Found an iron altar of Okawaru.
  4242 | D:6      | Reached XP level 9. HP: 74/74 MP: 9/9
  4600 | D:7      | Reached skill level 11 in Axes
  4649 | D:7      | Reached **** piety under Trog
  4996 | D:7      | Found a shadowy altar of Dithmenos.
  5062 | D:7      | Reached skill level 12 in Axes
  5197 | D:7      | Found an opulent altar of Gozag.
  5319 | D:7      | Found a burning altar of Makhleb.
  5320 | D:7      | Found a shimmering altar of Xom.
  5678 | D:8      | Reached skill level 13 in Axes
  5757 | D:8      | Reached skill level 1 in Shields
  5757 | D:8      | Reached XP level 10. HP: 69/81 MP: 10/10
  6187 | D:9      | Found Asopiz's Elemental Accessories.
  6276 | D:9      | Reached skill level 2 in Shields
  6396 | D:9      | Found a hide-covered altar of Uskayaw.
  6408 | D:9      | Found a runed door.
  6558 | D:9      | Noticed ThereIsNoGod's ghost (novice GnTm)
  6595 | D:9      | Noticed a two-headed ogre
  6606 | D:9      | Noticed a two-headed ogre
  6611 | D:9      | Killed a two-headed ogre
  6611 | D:9      | Reached skill level 3 in Shields
  6614 | D:9      | Reached ***** piety under Trog
  6625 | D:9      | Killed a two-headed ogre
  6625 | D:9      | Reached skill level 14 in Axes
  6625 | D:9      | Reached skill level 4 in Shields
  6754 | D:9      | Found a sacrificial altar of Ru.
  6770 | D:9      | Found a staircase to the Orcish Mines.
  6867 | D:9      | Found a radiant altar of Vehumet.
  7066 | D:10     | Entered Level 10 of the Dungeon
  7066 | D:10     | Noticed a gargoyle
  7074 | D:10     | Killed a gargoyle
  7092 | D:10     | Reached XP level 11. HP: 86/86 MP: 11/11
  7190 | D:10     | Killed an unseen horror
  7190 | D:10     | Reached skill level 15 in Axes
  7315 | D:10     | Noticed a two-headed ogre
  7327 | D:10     | Killed a two-headed ogre
  7663 | D:10     | Noticed a two-headed ogre
  7684 | D:10     | Killed a two-headed ogre
  7849 | D:10     | Noticed a two-headed ogre
  7858 | D:10     | Killed a two-headed ogre
  7860 | D:10     | Reached skill level 16 in Axes
  7966 | D:10     | Found a staircase to the Lair.
  8708 | D:11     | Noticed a six-headed hydra
  8714 | D:11     | HP: 20/86 [nine-headed hydra (4)]
  8714 | D:11     | HP: 8/86 [nine-headed hydra (12)]
  8714 | D:11     | Mangled by a nine-headed hydra

Vault maps used:
D:1:      minmay_arrival_plants_in_alcoves, minmay_tetromino_o4
D:2:      nicolae_overflow_crystal_walls, overflow_temple_1_default
D:3:      gammafunk_ghost_smash, dk_noncrumbling_4
D:4:      chequers_temple_overflow_minitemple, first_ration, serial_shops,
          nicolae_shop_window_shopping, hex_intersection, elyvilon_altar_1
D:5:      fedhas_altar_3, uniq_blork_the_orc
D:6:      nicolae_overflow_hidden_temple, minmay_temple_entry_glass,
          basic_altar, columned_hall_lemuel, minmay_checkerbox
D:7:      grunt_temple_overflow_champion_of_chaos, old_standard_altar,
          grunt_dithmenos_shadows, moated_statue, grunt_livestock,
          minmay_misc_feat_room, hangedman_decor_push
D:8:      minivault_19
D:9:      old_standard_altar, overflow_temple_1_default,
          eat_drink_and_be_merry_uskayaw, orc_0_dummy,
          ebering_ghost_inner_flame, stair_cage_cross, nicolae_elemental_shop
D:10:     erik_lair_dragon, grunt_ministairs_6
D:11:     serial_shops, shop_statue
Temple:   nicolae_temple_figure_zero

Skill      XL: |  1  2  3  4  5  6  7  8  9 10 11 |
---------------+----------------------------------+-----
Dodging        | 3 4 5 |  5.0
Fighting       | 4 5 |  5.0
Axes           | 4 5 8 10 13 14 16 | 16.3
Shields        | 1 4 |  4.0

Action                   |  1- 3 |  4- 6 |  7- 9 | 10-12 || total
-------------------------+-------+-------+-------+-------++-------
Melee: Hand axe          |   145 |   149 |    95 |       ||   389
       Tailslap          |    10 |    14 |    36 |    39 ||    99
       War axe           |       |       |    91 |   266 ||   357
Invok: Berserk           |     3 |     6 |     8 |     5 ||    22
       Trog's Hand       |       |     1 |     3 |     5 ||     9
       Brothers in Arms  |       |       |       |     1 ||     1
 Abil: Breathe Acid      |       |       |       |     5 ||     5
  Use: Scroll            |       |       |    17 |     6 ||    23
       Potion            |       |       |       |     1 ||     1
 Stab: Sleeping          |     1 |       |       |       ||     1
  Eat: Chunk             |     3 |    12 |    18 |    17 ||    50
Armor: Skin              |    53 |    36 |    43 |    44 ||   176
Dodge: Dodged            |   102 |    94 |   127 |   105 ||   428
Block: Buckler           |       |       |     3 |    41 ||    44

Table legend:
 A = Spawn XP
 B = Non-spawn XP
 C = Spawn XP percentage of total XP
 D = Spawn monster count
 E = Non-spawn monster count
 F = Spawn count percentage of total count
 G = Total turns spent on level
                    A         B        C        D         E        F      G
               +---------+---------+-------+---------+---------+-------+---------
         Total |       0 |   17561 |   0.0 |       0 |     251 |   0.0 |  8714
               +---------+---------+-------+---------+---------+-------+---------
           D:1 |       0 |      46 |   0.0 |       0 |      32 |   0.0 |   897
           D:2 |       0 |      60 |   0.0 |       0 |      26 |   0.0 |   531
           D:3 |       0 |      70 |   0.0 |       0 |      15 |   0.0 |   832
           D:4 |       0 |     731 |   0.0 |       0 |      23 |   0.0 |  1000
           D:5 |       0 |     431 |   0.0 |       0 |       8 |   0.0 |   586
           D:6 |       0 |    1591 |   0.0 |       0 |      15 |   0.0 |   674
           D:7 |       0 |    1996 |   0.0 |       0 |      24 |   0.0 |   776
           D:8 |       0 |     936 |   0.0 |       0 |      16 |   0.0 |   881
           D:9 |       0 |    3488 |   0.0 |       0 |      27 |   0.0 |   939
          D:10 |       0 |    7523 |   0.0 |       0 |      47 |   0.0 |  1307
          D:11 |       0 |     689 |   0.0 |       0 |      18 |   0.0 |   230
               +---------+---------+-------+---------+---------+-------+---------

Vault maps used:
D:1:      minmay_arrival_plants_in_alcoves, minmay_tetromino_o4
D:2:      nicolae_overflow_crystal_walls, overflow_temple_1_default
D:3:      gammafunk_ghost_smash, dk_noncrumbling_4
D:4:      chequers_temple_overflow_minitemple, first_ration, serial_shops,
          nicolae_shop_window_shopping, hex_intersection, elyvilon_altar_1
D:5:      fedhas_altar_3, uniq_blork_the_orc
D:6:      nicolae_overflow_hidden_temple, minmay_temple_entry_glass,
          basic_altar, columned_hall_lemuel, minmay_checkerbox
D:7:      grunt_temple_overflow_champion_of_chaos, old_standard_altar,
          grunt_dithmenos_shadows, moated_statue, grunt_livestock,
          minmay_misc_feat_room, hangedman_decor_push
D:8:      minivault_19
D:9:      old_standard_altar, overflow_temple_1_default,
          eat_drink_and_be_merry_uskayaw, orc_0_dummy,
          ebering_ghost_inner_flame, stair_cage_cross, nicolae_elemental_shop
D:10:     erik_lair_dragon, grunt_ministairs_6
D:11:     serial_shops, shop_statue
Temple:   nicolae_temple_figure_zero

Table legend:
 A = Turns spent in this place as a percentage of turns spent in the entire game.
 B = Non-inter-level travel turns spent in this place as a percentage of non-inter-level travel turns spent in the entire game.
 C = Inter-level travel turns spent in this place as a percentage of turns spent in this place.
 D = Turns resting spent in this place as a percentage of non-inter-level travel turns spent in this place.
 E = Turns spent auto-exploring this place as a percentage of non-inter-level travel turns spent in this place.
 F = Non-inter-level travel turns spent in this place divided by the number of levels of this place that you've seen.
                   A       B       C       D       E      F
               +-------+-------+-------+-------+-------+----------------------
         Total | 100.0 | 100.0 |   7.8 |   7.3 |  70.7 | 669.5
       Dungeon |  99.3 |  99.2 |   7.9 |   6.6 |  71.3 | 724.8
        Temple |   0.7 |   0.8 |   0.0 |  96.7 |   0.0 |  61.0
               +-------+-------+-------+-------+-------+----------------------

Table legend:
 A = Kills in this place as a percentage of kills in entire the game.
 B = Kills by you in this place as a percentage of kills by you in the entire game.
 C = Kills by friends in this place as a percentage of kills by friends in the entire game.
 D = Other kills in this place as a percentage of other kills in the entire game.
 E = Experience gained in this place as a percentage of experience gained in the entire game.
 F = Experience gained in this place divided by the number of levels of this place that you have seen.
                   A       B       C       D       E      F
               +-------+-------+-------+-------+-------+----------------------
         Total | 100.0 | 100.0 | 100.0 |   N/A | 100.0 | 1463.4
       Dungeon | 100.0 | 100.0 | 100.0 |   N/A | 100.0 | 1596.5
               +-------+-------+-------+-------+-------+----------------------
